 Dungeon Crawl Stone Soup version 0.26.1-11-gd32895ea62 (webtiles) character file.

Game seed: 11495298298404319202

675 buriedalive the Skirmisher (level 7, 0/64 HPs)
             Began as a Minotaur Fighter on June 22, 2021.
             Slain by Menkaure (16 damage)
             ... on level 4 of the Dungeon.
             The game lasted 00:04:50 (2658 turns).

buriedalive the Skirmisher (Minotaur Fighter)       Turns: 2658, Time: 00:04:51

Health: 0/64       AC: 11    Str: 22    XL:     7   Next: 33%
Magic:  6/6        EV:  7    Int:  5    God:
Gold:   94         SH: 10    Dex: 14    Spells: 6/6 levels left

rFire    . . .     SeeInvis .   a - +0 flail
rCold    + . .     Faith    .   c - +0 kite shield
rNeg     . . .     Spirit   .   b - +0 scale mail
rPois    .         Reflect  .   (helmet restricted)
rElec    .         Harm     .   x - +1 cloak of the Monk {rC+ Dex+4}
rCorr    .         Rampage  .   (no gloves)
Will     .....                  v - +0 pair of boots
Stlth    ..........             (no amulet)
HPRegen  0.20/turn              (no ring)
MPRegen  0.10/turn              (no ring)

@: no status effects
A: retaliatory headbutt, horns 2
a: no special abilities


You were on level 4 of the Dungeon.
You visited 1 branch of the dungeon, and saw 4 of its levels.

You collected 284 gold pieces.
You spent 190 gold pieces at shops.

Inventory:

Hand Weapons
 a - a +0 flail (weapon)
Missiles
 h - 81 bolts
 l - 2 javelins (quivered)
 s - 82 arrows
Armour
 b - a +0 scale mail (worn)
 c - a +0 kite shield (worn)
 d - a +0 cloak
 v - a +0 pair of boots (worn)
 x - the +1 cloak of the Monk (worn) {rC+ Dex+4}
   (You bought it in a shop on level 4 of the Dungeon)

   It affects your dexterity (+4).
   It protects you from cold.
Jewellery
 m - a cursed amulet of the acrobat {unknown}
 y - an uncursed ring of protection from cold {unknown}
Wands
 q - a wand of iceblast (9)
Scrolls
 f - 4 scrolls of remove curse {unknown}
 g - a scroll of blinking {unknown}
 i - 2 scrolls of identify {unknown}
 j - 3 scrolls of teleportation {unknown}
 n - 3 scrolls of amnesia {unknown}
 o - a scroll of fog {unknown}
 u - a scroll of fear {unknown}
 w - 2 scrolls of enchant weapon {unknown}
Potions
 e - 3 potions of mutation {unknown}
 k - 2 potions of attraction {unknown}
 p - a potion of cancellation {unknown}
 r - a potion of degeneration {unknown}
 t - a potion of heal wounds {unknown}
 z - a potion of haste {unknown}


   Skills:
 + Level 6.6 Fighting
 + Level 6.0 Maces & Flails
 + Level 6.6 Armour
 - Level 3.6 Shields


You had 6 spell levels left.
You didn't know any spells.
Your spell library was empty.

Dungeon Overview and Level Annotations

Branches:
Dungeon (4/15)
 Temple: D:4-7

Altars:
Elyvilon
Gozag
Makhleb
Nemelex Xobeh
Trog

Shops:
D:4 [

Annotations:
D:4 Menkaure


Innate Abilities, Weirdness & Mutations

You reflexively headbutt those who attack you in melee.
You have a pair of horns on your head.


Message History

Your shield and scale mail prevent you from hitting Menkaure.
Menkaure is lightly damaged.
You block Menkaure's attack. Menkaure hits you!
You barely miss Menkaure. Your headbutt misses Menkaure.
Menkaure is lightly damaged.
Menkaure hits you!
You are too injured to fight recklessly!
You are too injured to fight recklessly!
You hit Menkaure but do no damage. Your headbutt misses Menkaure.
Menkaure is lightly damaged.
You block Menkaure's attack. Menkaure barely misses you.
You hit Menkaure.
Menkaure is moderately damaged.
Menkaure calls on the powers of darkness!
Your body is wracked with pain!
* * * LOW HITPOINT WARNING * * *
You hit Menkaure.
Menkaure is moderately damaged.
Menkaure hits you!
You die...

........$..#
..........#
..........#
........#
#.......##
#........##
#.M........
#@........
#.........
#.........
##........
#.......#
##......##
##......##
##........##
##..........##


You could see Menkaure (fast).

Vanquished Creatures
  Sigmund (D:2)
  A phantom (D:4)
  An ogre (D:4)
  A centaur (D:3)
  A howler monkey (D:4)
  2 hounds (D:4)
  Crazy Yiuf (D:2)
  Ijyb (D:3)
  A worker ant (D:4)
  3 adders
  An ufetubus (D:3)
  An ooze (D:2)
  2 worms
  3 dart slugs
  2 leopard geckos
  A ball python (D:1)
  5 bats
  4 giant cockroaches
  5 hobgoblins
  2 quokkas
  6 frilled lizards
  5 goblins
  3 kobolds
  6 rats
59 creatures vanquished.

Notes
Turn   | Place    | Note
-------+----------+-------------------------------------------
     0 | D:1      | buriedalive the Minotaur Fighter began the quest for the
                  | Orb.
     0 | D:1      | Reached XP level 1. HP: 19/19 MP: 0/0
   276 | D:1      | Reached XP level 2. HP: 26/27 MP: 1/1
   446 | D:1      | You fall into a shaft and drop 1 floor!
   446 | D:2      | Noticed Sigmund
   457 | D:2      | Killed Sigmund
   458 | D:2      | Reached skill level 5 in Fighting
   458 | D:2      | Reached skill level 5 in Armour
   458 | D:2      | Reached XP level 3. HP: 26/36 MP: 2/2
   458 | D:2      | Reached XP level 4. HP: 31/42 MP: 3/3
   458 | D:2      | Reached XP level 5. HP: 35/48 MP: 4/4
   831 | D:2      | Found a bloodstained altar of Trog.
   919 | D:2      | Found a runed translucent door.
   920 | D:2      | Noticed Crazy Yiuf
  1249 | D:2      | Killed Crazy Yiuf
  1455 | D:3      | Noticed Ijyb
  1469 | D:3      | Killed Ijyb
  1473 | D:3      | Reached XP level 6. HP: 56/56 MP: 5/5
  1728 | D:3      | Reached skill level 5 in Maces & Flails
  1928 | D:3      | Found an opulent altar of Gozag.
  2035 | D:4      | Found a burning altar of Makhleb.
  2279 | D:4      | Found a white marble altar of Elyvilon.
  2332 | D:4      | Reached XP level 7. HP: 64/64 MP: 6/6
  2362 | D:4      | Found Gankenga's Antique Armour Emporium.
  2371 | D:4      | Bought a pitted cloak for 190 gold pieces
  2381 | D:4      | Identified the +1 cloak of the Monk {rC+ Dex+4} (You bought
                  | it in a shop on level 4 of the Dungeon)
  2611 | D:4      | Found a sparkling altar of Nemelex Xobeh.
  2648 | D:4      | Noticed Menkaure
  2658 | D:4      | Slain by Menkaure

Illustrated notes

Levels and vault maps discovered:
D:1:      grunt_arrival_lava_bath, layout_rooms
D:2:      layout_loops_ring, old_standard_altar, uniq_crazy_yiuf_cottage,
          uniq_sigmund
D:3:      layout_rooms, marbit_many_paths, uniq_ijyb
D:4:      wad_crossroads, layout_layer_cave, nemelex_xobeh_ov_fountains_minmay,
          bloody_makhleb, elyvilon_altar_3, serial_shops,
          nicolae_shop_overgrown_old_shop, nrook_campfire, uniq_menkaure

Skill      XL: |  1  2  3  4  5  6  7 |
---------------+----------------------+-----
Armour         | 5 6 |  6.6
Fighting       | 5 6 |  6.6
Maces & Flails | 4 5 6 |  6.0
Shields        | |  3.6

Action                   |  1- 3 |  4- 6 |  7- 9 || total
-------------------------+-------+-------+-------++-------
Melee: Flail             |    43 |    95 |    17 ||   155
       Headbutt          |     6 |    15 |     5 ||    26
  Use: Potion            |     1 |       |       ||     1
Armor: Scale mail        |    16 |    42 |     4 ||    62
Dodge: Dodged            |    11 |    28 |     4 ||    43
Block: Kite shield       |    18 |    46 |     6 ||    70
